 Dungeon Crawl Stone Soup version 0.24-a0-429-g4608c8fa30 (webtiles) character file.

Game seed: 8430563830594815152

74 KristoblXynda the Stinger (level 4, 0/27 HPs)
             Began as an Octopode Venom Mage on June 13, 2019.
             Slain by an orc wizard
             ... wielding a +0 dagger
              (4 damage)
             ... on level 3 of the Dungeon.
             The game lasted 00:05:08 (2015 turns).

KristoblXynda the Stinger (Octopode Venom Mage)     Turns: 2015, Time: 00:05:09

Health: 0/27       AC:  1    Str: 17    XL:     4   Next: 30%
Magic:  0/7        EV: 13    Int: 23    God:
Gold:   183        SH:  0    Dex: 12    Spells: 4/8 levels left

rFire    . . .     SeeInvis .   e - +0 dagger
rCold    . . .     Gourm    .   (no shield)
rNeg     . . .     Faith    .   (helmet restricted)
rPois    .         Spirit   .   (no amulet)
rElec    .         Reflect  .   j - +5 ring of strength
rCorr    .         Harm     .   (no ring)
MR       .....                  (no ring)
Stlth    +++.......             (no ring)
HPRegen  0.09/turn              (no ring)
MPRegen  0.10/turn              (no ring)
                                (no ring)
                                (no ring)

@: mighty, brilliant
A: almost no armour, stealthy swim, amphibious, 8 rings, constrict 8, camouflage
1, gelatinous body 1
a: no special abilities


You were on level 3 of the Dungeon.
You were hungry.

You visited 1 branch of the dungeon, and saw 3 of its levels.

You collected 183 gold pieces.

Inventory:

Hand Weapons
 e - a +0 dagger (weapon)
Jewellery
 j - a +5 ring of strength (left tentacle)
Scrolls
 f - a scroll of immolation {unknown}
 g - a scroll of magic mapping {unknown}
 h - a scroll of fear {unknown}
 i - 3 scrolls of identify {unknown}
 k - 2 scrolls of enchant weapon {unknown}
 l - a scroll of teleportation {unknown}
Comestibles
 b - 3 rations


   Skills:
 - Level 2.0 Dodging
 + Level 4.0 Stealth
 + Level 2.6 Spellcasting
 + Level 2.0 Conjurations
 + Level 4.3 Poison Magic


You had 4 spell levels left.
You knew the following spells:

 Your Spells              Type           Power        Failure   Level  Hunger
a - Sting                 Conj/Pois      ####         1%          1    None
b - Mephitic Cloud        Conj/Pois/Air  ####....     1%          3    ###....

Your spell library contained the following spells:

 Spells                   Type           Power        Failure   Level  Hunger
 Poisonous Vapours        Pois/Air       ####..       1%          2    ##.....
 Olgreb's Toxic Radiance  Pois           #####...     2%          4    ####...
 Venom Bolt               Conj/Pois      ####......   10%         5    ######.


Dungeon Overview and Level Annotations

Branches:
Dungeon (3/15)

Altars:


Innate Abilities, Weirdness & Mutations

You cannot wear most types of armour.
You are very stealthy in the water. (Stealth+)
You are amphibious.
You can wear up to eight rings at the same time.
You can use your tentacles to constrict eight enemies at once.
Your skin changes colour to match your surroundings (Stealth+).
Your rubbery body absorbs attacks. (AC +1, EV +1)


Message History

The sting hits something.
You hear some strange, mumbled words.
A magic dart appears from out of thin air!
The magic dart hits you!
You barely miss something. Something hits you but does no damage.
You closely miss something. Something hits you but does no damage.
You hit something but do no damage. Your squeeze misses something.
You hear some strange, mumbled words.
A puff of flame appears from out of thin air!
The puff of flame misses you.
You barely miss something. Your squeeze misses something.
You hear some strange, mumbled words.
A puff of flame appears from out of thin air!
The puff of flame hits you!
* * * LOW HITPOINT WARNING * * *
Unknown command.
It was a potion of might.
You feel very mighty all of a sudden. Something hits you.
You die...

................
..........#..###
......#...#..#
...####......# ##.#
##......# #.#
#..>....... #.#
#)####..#.#
####.###g####..#.#
#.......l{@......#
#..รท.....#####.#.#
......#.<........
.# .####
#....(..###
.'.......#
.#.......#
#.......# #.......#
#.........


You could see a leopard gecko and a hobgoblin.

Vanquished Creatures
  2 adders (D:2)
  2 worms (D:2)
  4 dart slugs
  A leopard gecko (D:1)
  3 orcs (D:3)
  4 bats
  A giant cockroach (D:1)
  6 goblins
  4 hobgoblins
  4 kobolds
  A ball python (D:2)
  5 frilled lizards
  3 rats
40 creatures vanquished.

Notes
Turn   | Place    | Note
-------+----------+-------------------------------------------
     0 | D:1      | KristoblXynda the Octopode Venom Mage began the quest for
                  | the Orb.
     0 | D:1      | Reached XP level 1. HP: 11/11 MP: 3/3
    51 | D:1      | Reached XP level 2. HP: 17/17 MP: 0/5
   492 | D:1      | Reached XP level 3. HP: 21/21 MP: 4/6
   497 | D:1      | Learned a level 3 spell: Mephitic Cloud
  1359 | D:2      | Reached XP level 4. HP: 27/27 MP: 1/7
  2002 | D:3      | HP: 1/27 [something/magic dart (10)]
  2015 | D:3      | Slain by an orc wizard

Levels and vault maps discovered:
D:1:      dpeg_arrival_arbitrary_c, layout_loops_ring
D:2:      layout_loops_cross, first_ration, small_statue_intersection,
          minmay_misc_feat_five, st_stairs_3, hangedman_decor_riveting,
          roderic_lattice_a, kennysheep_nub
D:3:      layout_basic

Skill      XL: |  1  2  3  4 |
---------------+-------------+-----
Stealth        | 3 4 |  4.0
Poison Magic   | 4 |  4.3
Conjurations   | 2 |  2.0
Dodging        | |  2.0
Spellcasting   | |  2.6

Action                   |  1- 3 |  4- 6 || total
-------------------------+-------+-------++-------
Melee: Dagger            |    13 |    15 ||    28
       Constrict         |     5 |     3 ||     8
       Tentacles         |     3 |     3 ||     6
 Cast: Sting             |    47 |    12 ||    59
  Use: Potion            |       |     3 ||     3
 Stab: Sleeping          |       |     1 ||     1
  Eat: Chunk             |     1 |     2 ||     3
Armor: Skin              |     2 |     3 ||     5
Dodge: Dodged            |    12 |     6 ||    18

Table legend:
 A = Non-vault XP
 B = Vault XP
 C = Vault XP percentage of total XP
 D = Non-vault monster count
 E = Vault monster count
 F = Vault count percentage of total count
                 A         B        C        D         E       F
            +---------+---------+-------+---------+---------+-------
      Total |      97 |      10 |   9.3 |      36 |       4 |  10.0
            +---------+---------+-------+---------+---------+-------
        D:1 |      39 |       0 |   0.0 |      19 |       0 |   0.0
        D:2 |      48 |      10 |  17.2 |      13 |       4 |  23.5
        D:3 |      10 |       0 |   0.0 |       4 |       0 |   0.0
            +---------+---------+-------+---------+---------+-------
